 Dungeon Crawl Stone Soup version 0.31.0-12-g77e489cdc1 (webtiles) character file.

Game seed: 7663684744820593174

7 Bobsterar the Poker (level 1, 0/16 HPs)
             Began as a Demonspawn Gladiator on Mar 6, 2024.
             Slain by a kobold
             ... wielding a +0 whip
              (4 damage)
             ... on level 1 of the Dungeon.
             The game lasted 00:00:18 (59 turns).

Bobsterar the Poker (Demonspawn Gladiator)            Turns: 59, Time: 00:00:18

Health: 0/16       AC:  4    Str: 14    XL:     1   Next: 83%
Magic:  1/1        EV: 12    Int:  8    God:
Gold:   11         SH:  0    Dex: 14    Spells: 0/0 levels left

rFire   . . .        a - +0 trident
rCold   . . .        (no shield)
rNeg    . . .        b - +0 leather armour
rPois   .            c - +0 helmet
rElec   .            (no cloak)
rCorr   .            (no gloves)
SInv    .            (no boots)
Will    .....        (no amulet)
Stlth   +            (no ring)
HPRegen 0.22/turn    (no ring)
MPRegen 0.07/turn

%: no passive effects
@: no status effects
A: no striking features
a: no special abilities


You were on level 1 of the Dungeon.
You visited 1 branch of the dungeon, and saw 1 of its levels.

You collected 11 gold pieces.

Inventory:

Hand Weapons
 a - a +0 trident (weapon)
Missiles
 d - 3 throwing nets (quivered)
 e - a javelin
Armour
 b - a +0 leather armour (worn)
 c - a +0 helmet (worn)


   Skills:
 + Level 2.0 Fighting
 + Level 3.0 Polearms
 + Level 1.8 Throwing
 + Level 0.1 Armour
 + Level 2.8 Dodging


You couldn't memorise any spells.
You didn't know any spells.
Your spell library was empty.

Dungeon Overview and Level Annotations

Branches:
Dungeon (1/15)

Altars:


Message History

The kobold throws a stone.
The stone barely misses you.
The kobold throws a stone.
The stone barely misses you.
A ball python comes into view.
The hobgoblin hits you.
A ball python comes into view.
You see here a +0 cloak.
You closely miss the hobgoblin.
The ball python hisses angrily.
The hobgoblin misses you.
You barely miss the hobgoblin. The hobgoblin hits you.
You are too injured to fight recklessly!
You are too injured to fight recklessly!
You are too injured to fight recklessly!
You are too injured to fight recklessly!
You are too injured to fight recklessly!
You hit the hobgoblin.
The hobgoblin is lightly wounded.
The hobgoblin completely misses you. The kobold barely misses you.
The hobgoblin closely misses you.
You hit the hobgoblin.
The hobgoblin is heavily wounded.
The ball python bites you but does no damage.
The ball python closely misses you. The ball python misses you.
The ball python barely misses you. The hobgoblin hits you.
The kobold closely misses you.
You hit the hobgoblin.
You kill the hobgoblin!
The ball python completely misses you. The ball python closely misses you.
The kobold hits you but does no damage.
You hit the ball python.
You kill the ball python!
The ball python bites you but does no damage.
The ball python misses you. The kobold hits you with a +0 whip.
* * * LOW HITPOINT WARNING * * *
The ball python misses you. x2
Your Polearms skill increases to level 3!
You puncture the ball python!
You kill the ball python!
The kobold hits you with a +0 whip.
You die...

...#..<..# ##. ##
#.#.........###.. ...
###....#......#....
#..###.....###.........#
....#......$.#..⌠.....##
.#...........#.....####.
.............##########.
#..†K..$...# #.......
.#...@......# #......#
#............# #......#
#.##......†.####......#
#.......†...........#
#..........###......#
#..................>#
#...........###......#
#...........# ########
..#........##


You could see a kobold.

Vanquished Creatures
  3 ball pythons (D:1)
  A giant cockroach (D:1)
  2 hobgoblins (D:1)
6 creatures vanquished.

Notes
Turn   | Place    | Note
-------+----------+-------------------------------------------
     0 | D:1      | Bobsterar the Demonspawn Gladiator began the quest for the
                  | Orb.
     0 | D:1      | Reached XP level 1. HP: 16/16 MP: 1/1
    59 | D:1      | Reached skill level 3 in Polearms
    59 | D:1      | Slain by a kobold

Illustrated notes

Levels and vault maps discovered:
D:1:      dpeg_arrival_arbitrary_c, layout_rooms, roderic_roman_lattice

Skill      XL: |  1 |
---------------+----+-----
Polearms       | 3 |  3.0
Fighting       | |  2.0
Throwing       | |  1.8
Armour         | |  0.1
Dodging        | |  2.8

Action                     || total
---------------------------++-------
  Melee: Trident           ||    16
 Armour: Leather armour    ||    13
  Dodge: Dodged            ||    23
